Map: 普列昂台地

Players

Expect

  • Race: Terran Terran
  • League: Master

Sen - Winner!

  • Race: Zerg Zerg
  • League: Master

Event: 2016 WCS Winter Challenger Taiwan

VOD

Have the link to the VOD?

Description

Time

  • Played on: Jan. 9, 2016, 4:28 a.m.
  • Length: 10:59

All games in this series

Show
View Real Time Build Order
Export as new Build Order

Expect Terran 

Build Orders: 1/1/1, Liberator Opening 

Get SALT Encoding   

  12  0:00  SCV  
  13  0:13  SCV  
  14  0:18  Supply Depot  
  14  0:25  SCV  
  15  0:39  SCV  
  15  0:41  Barracks  
  16  0:44  Refinery  
  16  0:51  SCV  
  16  0:53  Refinery  
  17  1:03  SCV  
  18  1:16  SCV  
  19  1:27  Marine  
  19  1:28  Orbital Command  
  20  1:35  Factory  
  20  1:46  Supply Depot  
  20  1:54  Barracks Reactor  
  20  1:55  SCV  
  21  2:07  SCV  
  22  2:21  SCV  
  22  2:22  Starport  
  23  2:30  Widow Mine, Marine x2  
  23  2:36  Supply Depot  
  27  2:49  Marine  
  29  2:57  Command Center  
  29  2:58  Medivac  
  30  3:05  Marine  
  31  3:06  Marine  
  31  3:10  SCV  
  33  3:15  Factory Tech Lab  
  33  3:18  Supply Depot, Liberator  
  33  3:23  Marine  
  33  3:24  Marine  
  35  3:32  SCV  
  39  3:41  Marine  
  39  3:42  Marine  
  39  3:48  Supply Depot, SCV  
  43  4:02  SCV  
  43  4:09  Siege Tank  
  44  4:10  Orbital Command  
  44  4:15  Marine x2  
  46  4:22  SCV  
  47  4:35  Marine x2  
  47  4:36  Medivac  
  50  4:41  Siege Tank  
  52  4:52  Liberator  
  51  4:59  Orbital Command  
  51  5:03  Marine x2  
  53  5:13  Barracks  
  56  5:14  Barracks  
  56  5:21  Marine x2  
  58  5:29  Siege Tank  
  61  5:38  Marine  
  61  5:39  Marine  
  63  5:49  Liberator  
  63  5:54  SCV  
  63  5:55  SCV  
  63  5:56  Marine  
  66  6:02  Marine  
  66  6:03  Marine  
  66  6:04  Marine  
  69  6:12  SCV  
  70  6:20  Marine x3  
  70  6:21  SCV, Marine  
  61  6:38  Marine x3  
  61  6:39  Marine  
  61  6:47  Siege Tank  
  61  6:48  SCV x2  
  61  6:50  Barracks x2  
  61  6:53  Engineering Bay  
  66  6:56  Marine x3  
  66  6:57  Marine  
  66  6:58  Liberator  
  70  7:11  Supply Depot  
  70  7:12  Supply Depot  
  70  7:15  SCV x2, Marine x3  
  72  7:24  Marine  
  72  7:28  Siege Tank  
  72  7:29  SCV x2  
  78  7:33  Marine x3  
  78  7:41  Supply Depot, Barracks Tech Lab x2  
  78  7:42  Supply Depot, Marine  
  79  7:47  SCV x2  
  79  7:51  Marine x3  
  84  7:57  Supply Depot  
  84  7:58  Missile Turret  
  84  8:00  Siege Tank, Marine  
  84  8:01  SCV  
  84  8:02  Supply Depot  
  82  8:08  Marine  
  62  8:16  Marine x2  
  62  8:17  Marine x3  
  65  8:26  SCV x2, Marine  
  64  8:34  Marine x2  
  58  8:35  Marine x3  
  56  8:44  Marine  
  56  8:47  Medivac  
  56  8:48  Siege Tank  
  59  8:51  Marine x2  
  59  8:53  Marine x3  
  64  9:02  Refinery x2, Marine  
  65  9:05  Missile Turret  
  65  9:08  SCV  
  65  9:09  Marine x2  
  68  9:11  Marine x2  
  68  9:14  Marine  
  71  9:20  Marine  
  71  9:23  Medivac  
  74  9:27  Marine x2  
  74  9:29  Marine x2  
  78  9:31  Marine  
  78  9:34  Barracks x2  
  78  9:37  Marine  
  77  9:42  Siege Tank  
  77  9:45  Marine x2  
  78  9:47  Marine x2  
  78  9:49  Marine  
  75  9:55  Marine  
  76  10:02  Medivac  
  76  10:03  Marine x2  
  76  10:05  Marine x2  
  81  10:07  Marine  
  81  10:13  Marine  
  78  10:19  Siege Tank  
  78  10:20  Marine  
  78  10:21  Marine  
  82  10:23  Marine x2  
  82  10:25  Marine  
  83  10:31  Marine  
  65  10:38  Marine x2  
  65  10:40  Marine  
  65  10:41  Marine  
Show
View Real Time Build Order
Export as new Build Order

Sen Zerg - Winner!

Build Orders: Hatch First 

Get SALT Encoding   

  12  0:00  Drone  
  13  0:08  Drone  
  14  0:17  Overlord  
  14  0:25  Drone, Extractor  
  15  0:36  Drone x2  
  17  0:44  Drone  
  18  0:56  Drone  
  19  1:02  Hatchery  
  18  1:05  Drone  
  18  1:06  Extractor  
  18  1:19  Drone  
  18  1:22  Spawning Pool  
  18  1:29  Drone  
  19  1:39  Overlord  
  19  1:48  Drone  
  20  2:04  Drone  
  21  2:09  Queen  
  21  2:10  Metabolic Boost, Zergling x2  
  21  2:14  Queen  
  26  2:17  Drone  
  27  2:25  Drone x2  
  29  2:39  Hatchery  
  29  2:43  Overlord  
  28  2:48  Drone x2  
  30  2:54  Queen  
  30  2:58  Drone  
  33  3:00  Drone  
  34  3:08  Lair  
  34  3:10  Drone  
  35  3:20  Drone x2, Spore Crawler  
  35  3:24  Drone  
  35  3:26  Drone x4  
  41  3:29  Extractor  
  41  3:30  Zergling x4  
  41  3:33  Overlord  
  42  3:42  Spore Crawler  
  42  3:44  Zergling x2  
  42  3:51  Drone x3  
  42  3:52  Drone  
  46  4:00  Zergling x4  
  45  4:10  Drone  
  45  4:12  Spire, Queen  
  45  4:13  Drone x5  
  52  4:23  Overlord  
  45  4:31  Zergling x8  
  45  4:36  Zergling x4  
  44  4:47  Drone x4  
  48  4:55  Drone  
  49  5:02  Drone  
  49  5:03  Drone x3  
  49  5:04  Drone x2  
  49  5:05  Extractor  
  54  5:13  Drone x2  
  56  5:16  Overlord  
  56  5:17  Extractor  
  55  5:23  Zergling x8  
  55  5:25  Overlord  
  55  5:27  Hatchery  
  56  5:32  Overlord  
  56  5:35  Zergling x2  
  57  5:37  Overlord  
  57  5:45  Zergling x14  
  57  5:49  Overlord, Zergling x2  
  65  5:52  Mutalisk x2  
  69  6:01  Zergling x8  
  69  6:02  Zergling x4  
  69  6:03  Mutalisk x3  
  62  6:07  Queen  
  68  6:13  Zergling x6  
  71  6:24  Zergling x6  
  66  6:32  Mutalisk x2  
  63  6:33  Queen  
  63  6:34  Queen  
  63  6:40  Zergling x4  
  63  6:43  Queen  
  63  6:44  Mutalisk x2  
  67  6:52  Zergling x2  
  68  6:55  Mutalisk  
  70  7:07  Mutalisk  
  70  7:08  Zergling x12  
  77  7:16  Zergling x6  
  77  7:21  Zergling x8  
  73  7:25  Zergling x2  
  74  7:31  Zergling x4  
  74  7:35  Mutalisk x2  
  79  7:41  Mutalisk  
  79  7:42  Zergling x10  
  86  7:45  Overlord  
  86  7:51  Zerg Flyer Weapons Level 1  
  86  7:56  Mutalisk  
  86  7:58  Overlord  
  88  8:02  Zergling x12  
  88  8:08  Mutalisk  
  76  8:18  Drone x9  
  85  8:20  Extractor  
  85  8:24  Drone x3, Extractor  
  86  8:27  Evolution Chamber  
  86  8:28  Evolution Chamber  
  86  8:30  Drone  
  86  8:31  Drone x2  
  78  8:35  Drone x2  
  78  8:38  Drone x2  
  78  8:40  Drone  
  79  8:43  Mutalisk  
  79  8:51  Mutalisk x3  
  85  8:56  Zerg Ground Armor Level 1  
  85  8:58  Drone  
  85  8:59  Drone x3  
  89  9:05  Mutalisk  
  91  9:10  Zergling x2  
  91  9:11  Zergling x8  
  91  9:15  Baneling Nest  
  95  9:17  Zergling x8  
  95  9:22  Overlord  
  99  9:29  Mutalisk x2  
  99  9:30  Mutalisk  
  105  9:34  Zergling x12  
  109  9:49  Zergling x16  
  117  9:55  Zergling x4  
  117  9:56  Overlord x2  
  119  10:17  Overlord  
  119  10:18  Overlord x2  
  119  10:19  Mutalisk x4  
  127  10:28  Hatchery  
  120  10:33  Extractor  
  120  10:34  Mutalisk x3  
  120  10:35  Extractor  
  120  10:37  Drone x2  
Tags
 
Add a new tag
Caveats
  • Supply blocks, unpowered buildings, or Contaminate may cause inaccurate times.
  • Supply counts are checked every 10 seconds.